 Dungeon Crawl Stone Soup version 0.28.0-45-g0d030f2227 (webtiles) character file.

Game seed: 9128242860594844644

9 pkoi the Insei (level 1, 0/17 HPs)
             Began as a Demigod Gladiator on Apr 19, 2022.
             Slain by a quokka (1 damage)
             ... on level 1 of the Dungeon.
             The game lasted 00:00:15 (152 turns).

pkoi the Insei (Demigod Gladiator)                   Turns: 152, Time: 00:00:15

Health: 0/17       AC:  4    Str: 15    XL:     1   Next: 93%
Magic:  3/3        EV: 12    Int: 10    God:
Gold:   34         SH:  0    Dex: 15    Spells: 0/0 levels left

rFire   . . .      SeeInvis .     - Unarmed
rCold   . . .      Faith    .   (no shield)
rNeg    . . .      Spirit   .   a - +0 leather armour
rPois   .          Reflect  .   b - +0 helmet
rElec   .          Harm     .   (no cloak)
rCorr   .          Rampage  .   (no gloves)
Will    .....                   (no boots)
Stlth   +.........              (no amulet)
HPRegen 0.05/turn               (no ring)
MPRegen 0.08/turn               (no ring)

@: no status effects
A: high MP 1, forlorn, divine attributes
a: no special abilities


You were on level 1 of the Dungeon.
You visited 1 branch of the dungeon, and saw 1 of its levels.

You collected 34 gold pieces.

Inventory:

Armour
 a - a +0 leather armour (worn)
 b - a +0 helmet (worn)


   Skills:
 - Level 1.7 Fighting
 - Level 1.7 Throwing
 - Level 2.6 Dodging
 + Level 3.3 Unarmed Combat


You couldn't memorise any spells.
You didn't know any spells.
Your spell library was empty.

Dungeon Overview and Level Annotations

Branches:
Dungeon (1/15)


Innate Abilities, Weirdness & Mutations

You have an increased reservoir of magic. (+10% MP)
You shall have no god before yourself.
Your divine heritage dramatically boosts your attributes as you level up.


Message History

The quokka bites you.
* * * LOW HITPOINT WARNING * * *
The quokka barely misses you.
You hit the quokka. Your punch misses the quokka.
The quokka is moderately wounded.
The quokka bites you but does no damage.
You barely miss the quokka.
The quokka is moderately wounded.
The quokka closely misses you.
You miss the quokka.
The quokka is moderately wounded.
The quokka barely misses you.
Throw: throwing net
Press: ? - help, Q - select action Shift-Dir - straight line, f/p - quokka
Aim: a quokka (moderately wounded, 46% to hit)
You throw a throwing net.
The throwing net closely misses the quokka.
The throwing net hits the jackal.
The jackal is caught in the net!
The jackal struggles against the net.
The quokka bites you but does no damage.
You hit the quokka.
The quokka is severely wounded.
The jackal struggles against the net.
The quokka closely misses you.
The jackal struggles against the net.
The net rips apart, and the jackal comes free!
You hit the quokka but do no damage.
The quokka is severely wounded.
The quokka barely misses you.
You completely miss the quokka.
The quokka is severely wounded.
The quokka bites you but does no damage.
You closely miss the quokka.
The quokka is severely wounded.
The quokka barely misses you. x2
You hit the quokka.
You kill the quokka!
You hit the jackal.
You kill the jackal!
You closely miss the quokka. The quokka bites you.
You die...

##..... #....(# #
#.....# .# ###
.... #.........
..... ....
#.....##.##.....
....
#.....##....≈≈≈≈≈
≈≈≈≈
#..†hl.....≈≈≈≈≈
≈≈≈≈
#r##....≈≈≈≈≈
≈≈≈≈ #@##....≈≈≈#
#≈≈ #.......≈≈≈+
##+
.#######....≈≈≈+
#..
............≈≈≈#+
#.#
########....≈≈≈≈≈
# #....≈≈≈≈≈ #
#....≈≈≈≈≈ #
#....≈≈≈≈≈ #
#....≈≈≈#+ #.#


You could see a quokka, a jackal and a frilled lizard.

Vanquished Creatures
  A bat (D:1)
  2 hobgoblins (D:1)
  2 jackals (D:1)
  A quokka (D:1)
  A frilled lizard (D:1)
  A kobold (D:1)
8 creatures vanquished.

Notes
Turn   | Place    | Note
-------+----------+-------------------------------------------
     0 | D:1      | pkoi the Demigod Gladiator began the quest for the Orb.
     0 | D:1      | Reached XP level 1. HP: 17/17 MP: 3/3
   120 | D:1      | Reached skill level 3 in Unarmed Combat
   152 | D:1      | Slain by a quokka

Illustrated notes

Levels and vault maps discovered:
D:1:      dpeg_arrival_castle, layout_loops_cross

Skill      XL: |  1 |
---------------+----+-----
Unarmed Combat | 3 |  3.3
Fighting       | |  1.7
Throwing       | |  1.7
Dodging        | |  2.6

Action                   || total
-------------------------++-------
Melee: Unarmed           ||    37
Throw: Throwing net      ||     3
Armor: Leather armour    ||    11
Dodge: Dodged            ||    22
